 Dungeon Crawl Stone Soup version 0.30-a0-241-g1121274140 (webtiles) character file.

Game seed: 8459913951933062725

1955 Querens the Thaumaturge (level 8, -2/41 HPs)
             Began as a Deep Elf Conjurer on Oct 11, 2022.
             Succumbed to a kobold brigand's poison
             ... on level 7 of the Dungeon.
             The game lasted 00:19:57 (3331 turns).

Querens the Thaumaturge (Deep Elf Conjurer)         Turns: 3331, Time: 00:19:57

Health: -2/41      AC:  5    Str:  4    XL:     8   Next: 99%
Magic:  6/20       EV: 28    Int: 26    God:
Gold:   311        SH:  0    Dex: 13    Spells: 14/25 levels left

rFire   . . .      SeeInvis .    b - +4 mace "Ettupn" {vamp, rC+ rN+}
rCold   + . .      Faith    .    (no shield)
rNeg    + . .      Spirit   .    a - +0 robe
rPois   .          Reflect  .    f - +0 helmet
rElec   .          Harm     .    l - +0 cloak
rCorr   .          Rampage  .    (no gloves)
Will    .....                    r - +0 pair of boots
Stlth   +++.......               e - amulet of the acrobat
HPRegen 0.26/turn                (no ring)
MPRegen 0.17/turn                (no ring)

@: lethally poisoned (-2 -> -22), acrobatic, hasted, very quick
A: talons 1, deterioration 1, low MP 1
a: no special abilities


You were on level 7 of the Dungeon.
You visited 1 branch of the dungeon, and saw 7 of its levels.

You collected 311 gold pieces.

Inventory:

Hand Weapons
 b - the +4 mace "Ettupn" (weapon) {vamp, rC+ rN+}
   (You took it off an orc on level 5 of the Dungeon)

   It occasionally heals its wielder for a portion of the damage dealt when it
   wounds a living foe.
   rC:        It protects you from cold.
   rN:        It protects you from negative energy.
 u - a +2 short sword of venom
Missiles
 w - 5 curare-tipped darts
Armour
 a - a +0 robe (worn)
 f - a +0 helmet (worn)
 g - a scarf of shadows
 l - a +0 cloak (worn)
 r - a +0 pair of boots (worn)
 x - the +1 scale mail of Submission {+Blink Slay-4 Stlth+}
   (You took it off an orc on level 5 of the Dungeon)

   Slay:      It affects your accuracy & damage with ranged weapons and melee
   (-4).
   +Blink:    It lets you blink.
   Stlth:     It makes you more stealthy.
Magical Staves
 t - a staff of conjuration
Jewellery
 e - an amulet of the acrobat (around neck)
Wands
 q - a wand of digging (1)
Scrolls
 c - 3 scrolls of teleportation
 d - a scroll of enchant armour
 i - 2 scrolls of magic mapping
 k - a scroll of fear
 n - a scroll of fog
 y - a scroll of poison {unknown}
Potions
 m - a potion of attraction
 o - a potion of haste
 p - 2 potions of cancellation
 s - 2 potions of lignification
 v - a potion of mutation


   Skills:
 - Level 4.3 Dodging
 - Level 4.7 Stealth
 + Level 9.0 Spellcasting
 + Level 8.4 Conjurations
 + Level 6.1 Translocations


You had 14 spell levels left.
You knew the following spells:

 Your Spells              Type           Power      Damage    Failure   Level
a - Magic Dart            Conj           100%       1d8       1%          1
b - Searing Ray           Conj           100%       2d8       1%          2
c - Iskenderun's Mystic   Conj/Tloc      49%        2d11      2%          4
d - Fulminant Prism       Conj/Hex       16%        3d11      9%          4

Your spell library contained the following spells:

 Spells                   Type           Power      Damage    Failure   Level
 Static Discharge         Conj/Air       66%        2-5/arc   1%          2
 Dazzling Flash           Conj/Hex       66%        N/A       2%          3
 Stone Arrow              Conj/Erth      66%        3d11      2%          3
 Necrotise                Necr           44%        1d6       4%          1
 Sandblast                Erth           22%        2d7       4%          1
 Vhi's Electric Charge    Tloc/Air       54%        N/A       4%          3
 Passwall                 Tmut/Erth      9%         N/A       8%          2
 Vampiric Draining        Necr           11%        2d6       16%         3
 Arcjolt                  Conj/Air       16%        1d26      26%         5
 Lightning Bolt           Conj/Air       16%        1d30      26%         5
 Agony                    Necr           11%        N/A       80%         5


Dungeon Overview and Level Annotations

Branches:
Dungeon (7/15)
 Temple: D:4-7

Altars:
Nemelex Xobeh

Shops:
D:7 =

Annotations:
D:6 Maggie


Innate Abilities, Weirdness & Mutations

You have sharp toenails.
Your body sometimes deteriorates upon taking damage.
Your magical capacity is low. (-10% MP)


Message History

The kobold brigand hits you but does no damage.
You are lethally poisoned!
You hit the kobold brigand.
You feel better.
The kobold brigand is moderately wounded.
You feel very sick.
The kobold brigand hits you but does no damage.
You are lethally poisoned!
You hit the kobold brigand.
The kobold brigand is heavily wounded.
* * * LOW HITPOINT WARNING * * *
You feel very sick.
A kobold comes into view. It is wielding a +0 dagger.
The kobold brigand hits you with a +0 dagger of venom.
* * * LOW HITPOINT WARNING * * *
You are more poisoned.
The kobold brigand hits you but does no damage.
Okay, then.
You feel much better.
You feel very sick.
The kobold brigand hits you with a +0 dagger of venom.
You are lethally poisoned!
It was a potion of mutation.
You feel extremely strange.
You feel less energetic.
You feel yourself wasting away.
Your toenails lengthen and sharpen.
You feel extremely sick.
The kobold brigand hits you with a +0 dagger of venom.
You are more poisoned.
Blink to where?
Press: ? - help, Dir - move target
As you read the scroll of blinking, it crumbles to dust.
* * * LOW HITPOINT WARNING * * *
You feel extremely sick.
Okay, then.
Okay, then.
You feel yourself speed up.
* * * LOW HITPOINT WARNING * * *
You feel very sick.
Okay, then.
Okay, then.
You die...

#o# #.#...#.# #.#
#.#####.#
#.###########.......#
#†##.......####'''###
#.##.# #.........#
#)##.#####..#.#....#
#K).K...........#.##
####.#####..#####.#
#.#####.@#####.#
#..>.....[<....#
################


There were no monsters in sight!

Vanquished Creatures
  The ghost of Necrophagist the Insei, a novice OpTm of Wu Jian (D:5)
  Grinder (D:3)
  A steam dragon (D:7)
  A water moccasin (D:6)
  Duvessa (D:5)
  A bullfrog (D:7)
  A necrophage (D:6)
  4 scorpions
  Dowan (D:5)
  A howler monkey (D:5)
  3 hounds
  3 orc priests
  2 iguanas
  4 orc wizards
  12 gnolls
  5 adders
  A white imp (D:7)
  An ufetubus (D:5)
  3 worms
  2 dart slugs
  27 orcs
  6 ball pythons
  A bat (D:1)
  3 endoplasms
  3 hobgoblins
  6 kobolds
  3 quokkas
  3 frilled lizards
  6 goblins
  4 rats
111 creatures vanquished.

Vanquished Creatures (others)
  2 fulminant prisms (D:7)
  30 plants (D:4)
32 creatures vanquished.

Grand Total: 143 creatures vanquished

Notes
Turn   | Place    | Note
-------+----------+-------------------------------------------
     0 | D:1      | Querens the Deep Elf Conjurer began the quest for the Orb.
     0 | D:1      | Reached XP level 1. HP: 10/10 MP: 6/6
   121 | D:1      | Reached XP level 2. HP: 14/15 MP: 0/8
   387 | D:2      | Learned a level 2 spell: Searing Ray
   443 | D:2      | Reached XP level 3. HP: 19/19 MP: 3/10
   513 | D:2      | You fall into a shaft and drop 1 floor!
   881 | D:3      | Reached skill level 4 in Spellcasting
   881 | D:3      | Reached XP level 4. HP: 24/24 MP: 7/12
  1166 | D:3      | Reached skill level 5 in Conjurations
  1249 | D:3      | Noticed Grinder
  1286 | D:3      | Paralysed by Grinder for 4 turns
  1291 | D:3      | Killed Grinder
  1292 | D:3      | Reached skill level 5 in Spellcasting
  1292 | D:3      | Reached XP level 5. HP: 17/28 MP: 5/14
  1292 | D:3      | Reached XP level 6. HP: 20/32 MP: 5/15
  1349 | D:3      | Found a faded altar of an unknown god.
  1485 | D:3      | Learned a level 4 spell: Iskenderun's Mystic Blast
  1490 | D:3      | Learned a level 4 spell: Fulminant Prism
  1693 | D:4      | Reached skill level 1 in Translocations
  2007 | D:5      | Entered Level 5 of the Dungeon
  2134 | D:5      | Identified a scroll of acquirement
  2135 | D:5      | Acquired a staff of conjuration
  2171 | D:5      | Reached XP level 7. HP: 36/36 MP: 12/17
  2197 | D:5      | Reached skill level 6 in Spellcasting
  2267 | D:5      | Found a runed translucent gate.
  2267 | D:5      | Found a runed translucent gate.
  2274 | D:5      | Found a runed translucent gate.
  2277 | D:5      | Noticed Necrophagist's ghost (novice OpTm)
  2280 | D:5      | Identified the +4 mace "Ettupn" {vamp, rC+ rN+}
  2280 | D:5      | Identified the +1 scale mail of Submission {+Blink Slay-4
                  | Stlth+}
  2287 | D:5      | Noticed Dowan
  2289 | D:5      | Noticed Duvessa
  2398 | D:5      | Killed Duvessa
  2400 | D:5      | Killed Dowan
  2617 | D:5      | Killed Necrophagist's ghost
  2618 | D:5      | Reached skill level 7 in Spellcasting
  2618 | D:5      | Reached XP level 8. HP: 41/41 MP: 4/21
  2773 | D:6      | Reached skill level 8 in Spellcasting
  2773 | D:6      | Reached skill level 5 in Translocations
  2959 | D:6      | Noticed Maggie
  3206 | D:7      | Found Mepotaocs's Jewellery Shop.
  3261 | D:7      | Found a sparkling altar of Nemelex Xobeh.
  3298 | D:7      | Identified the +8 arbalest of Infinite Pain {vorpal, rC+
                  | Str+2 Int-5}
  3307 | D:7      | Reached skill level 9 in Spellcasting
  3328 | D:7      | Gained mutation: Your magical capacity is low. (-10% MP)
                  | [potion of mutation]
  3328 | D:7      | Gained mutation: Your body sometimes deteriorates upon
                  | taking damage. [potion of mutation]
  3328 | D:7      | Gained mutation: You have sharp toenails. [potion of
                  | mutation]
  3330 | D:7      | HP: 1/41 [poisoned by a kobold brigand]
  3331 | D:7      | Succumbed to a kobold brigand's poison

Illustrated notes

Levels and vault maps discovered:
D:1:      dpeg_arrival_three_same_balls, layout_rooms, serial_forest,
          infiniplex_forest_clump_small, infiniplex_forest_lined_3_way,
          infiniplex_forest_clump_small, infiniplex_forest_clump_small,
          infiniplex_forest_end_2, infiniplex_forest_corner_2,
          infiniplex_forest_lined_3, chequers_serial_rivers_room_a,
          minmay_misc_feat_pillars
D:2:      layout_rooms
D:3:      layout_basic, shapermc_ecumenical_altar_mp_highgroup, uniq_grinder
D:4:      layout_rooms, serial_bayou, serial_bayou_lake_a, serial_bayou_pond_a,
          serial_bayou_crossing, serial_bayou_shore_a, amethyst_killhole
D:5:      layout_loops_cross, biasface_ghost_orc_armoury, uniq_duvessa
D:6:      nicolae_cairo_tiling_very_big, layout_loops_ring, uniq_maggie
D:7:      minmay_the_grid_octo_triangle [minmay_the_grid_octo_toaster,
          minmay_the_grid_octo_prize_ultimate_mussel_roller,
          minmay_the_grid_octo_vomiting_pacman], layout_loops_cross, tso_altar,
          mainiacjoe_overflow_alcove_4, general_overflow_altar,
          minmay_temple_entry_poolview, serial_shops, kennysheep_little_box,
          kennysheep_generic_room_4, uniq_prince_ribbit1

Skill      XL: |  1  2  3  4  5  6  7  8 |
---------------+-------------------------+-----
Stealth        | 3 4 |  4.7
Dodging        | 3 4 |  4.3
Spellcasting   | 4 5 7 9 |  9.0
Conjurations   | 5 6 7 8 |  8.4
Translocations | 2 4 6 |  6.1

Action                   |  1- 3 |  4- 6 |  7- 9 || total
-------------------------+-------+-------+-------++-------
Melee: Morningstar       |       |    15 |       ||    15
       Short sword       |       |    31 |       ||    31
       Staff             |       |       |     7 ||     7
       Mace              |       |       |    11 ||    11
       Punch             |       |       |     1 ||     1
 Cast: Magic Dart        |    33 |    17 |     1 ||    51
       Searing Ray       |     8 |    22 |    18 ||    48
       Iskenderun's Myst |       |       |    17 ||    17
       Fulminant Prism   |       |       |     2 ||     2
Evoke: Wand              |       |       |     2 ||     2
  Use: Scroll            |       |    13 |     1 ||    14
       Potion            |       |       |     4 ||     4
 Stab: Sleeping          |       |     2 |     1 ||     3
Armor: Robe              |     1 |    13 |     9 ||    23
Dodge: Dodged            |    22 |    51 |    26 ||    99

Table legend: (Time is in decaauts)
 A = Elapsed time spent in this place.
 B = Non-inter-level travel time spent in this place.
 C = Inter-level travel time spent in this place.
 D = Time resting spent in this place.
 E = Time spent auto-exploring this place.
 F = Levels seen in this place.
 G = Mean time per level.
                   A        B        C        D        E       F      G
               +--------+--------+--------+--------+--------+-----+--------+
         Total |   3397 |   3050 |    347 |      5 |      0 |   7 |  485.3 |
       Dungeon |   3397 |   3050 |    347 |      5 |      0 |   7 |  485.3 |
               +--------+--------+--------+--------+--------+-----+--------+

Top non-repeatable levels by time:
     D:3: 765 daAuts
     D:5: 646 daAuts
     D:6: 561 daAuts
     D:4: 526 daAuts
     D:2: 397 daAuts
     D:1: 382 daAuts
     D:7: 118 daAuts
